 Dungeon Crawl Stone Soup version 0.27-a0-79-gcaaa221d37 (webtiles) character file.

Game seed: 9110147163924960920

12166 lunkers the Spear-Bearer (level 11, -2/138 HPs)
             Began as a Merfolk Gladiator on Jan 14, 2021.
             Was a Believer of Ru.
             Slain by a 16-headed hydra (12 damage)
             ... on level 12 of the Dungeon on Jan 19, 2021.
             The game lasted 00:29:46 (13752 turns).

lunkers the Spear-Bearer (Merfolk Gladiator)       Turns: 13752, Time: 00:29:46

Health: -2/138     AC: 15    Str: 25    XL:     11   Next: 89%
Magic:  11/11      EV: 20    Int:  7    God:    Ru [**....]
Gold:   663        SH:  0    Dex: 15    Spells: 10/10 levels left

rFire    . . .     SeeInvis .   k - +0 glaive (venom)
rCold    . . .     Faith    +   (shield currently unavailable)
rNeg     . . .     Spirit   .   n - +0 ring mail
rPois    .         Reflect  .   K - +2 hat
rElec    .         Harm     .   l - +2 cloak
rCorr    .         Rampage  .   v - +0 pair of gloves
Will     .....                  (no boots)
Stlth    ..........             E - amulet of faith
HPRegen  0.33/turn              z - +4 ring of protection
MPRegen  0.12/turn              J - +6 ring of strength

@: berserking, very quick
A: change form in water, swift swim, stealthy swim, no potion heal 1, unskilled
1
a: Renounce Religion


You were on level 12 of the Dungeon.
You worshipped Ru.
Ru was pleased with you.
You visited 2 branches of the dungeon, and saw 14 of its levels.

You collected 663 gold pieces.

Inventory:

Hand Weapons
 a - a +0 trident
 k - a +0 glaive of venom (weapon)
 r - a +0 halberd
 t - a +1 halberd of venom
Missiles
 d - 4 throwing nets {=f}
 i - 2 curare-tipped darts
Armour
 c - a +0 helmet
 l - a +2 cloak (worn)
 n - a +0 ring mail (worn)
 v - a +0 pair of gloves (worn)
 K - a +2 hat (worn)
Jewellery
 g - a +6 ring of intelligence
 z - a +4 ring of protection (left hand)
 E - an amulet of faith (around neck)
 G - an uncursed ring of ice
 H - an uncursed ring of positive energy
 J - a +6 ring of strength (right hand)
Wands
 x - a wand of iceblast (4)
 I - a wand of flame (15)
 L - a wand of paralysis (16)
Scrolls
 b - 4 scrolls of enchant weapon
 h - 3 scrolls of fog
 j - a scroll of identify
 q - 4 scrolls of amnesia
 s - 5 scrolls of remove curse
 y - a scroll of fear
Potions
 e - 9 potions of curing
 f - 2 potions of heal wounds
 m - 2 potions of ambrosia
 o - a potion of cancellation
 p - 3 potions of might
 u - a potion of resistance
 w - 2 potions of brilliance
 A - a potion of berserk rage
 B - a potion of lignification
 C - a potion of mutation
 D - 2 potions of flight
 F - 2 potions of haste


   Skills:
 + Level 10.8 Fighting
 * Level 14.2 Polearms
 - Level 1.7 Throwing
 + Level 12.9 Dodging


You had 10 spell levels left.
You didn't know any spells.
Your spell library contained the following spells:

 Spells                   Type           Power        Failure   Level
 Beastly Appendage        Tmut           0%           58%         1
 Foxfire                  Conj/Fire      0%           58%         1
 Sandblast                Erth           0%           58%         1
 Summon Small Mammal      Summ           0%           58%         1
 Call Imp                 Summ           0%           73%         2
 Passwall                 Tmut/Erth      0%           73%         2
 Wereblood                Tmut           0%           73%         2
 Call Canine Familiar     Summ           0%           91%         3
 Conjure Flame            Conj/Fire      0%           91%         3
 Inner Flame              Hex/Fire       0%           91%         3
 Spider Form              Tmut/Pois      0%           91%         3
 Stone Arrow              Conj/Erth      0%           91%         3
 Summon Guardian Golem    Hex/Summ       0%           91%         3
 Ice Form                 Ice/Tmut       0%           100%        4
 Petrify                  Tmut/Erth      0%           100%        4
 Sticky Flame             Conj/Fire      0%           100%        4
 Summon Ice Beast         Ice/Summ       0%           100%        4
 Summon Lightning Spire   Summ/Air       0%           100%        4
 Blade Hands              Tmut           0%           100%        5
 Fireball                 Conj/Fire      0%           100%        5
 Lee's Rapid Deconstruct  Erth           0%           100%        5


Dungeon Overview and Level Annotations

Branches:
Dungeon (13/15)            Temple (1/1) D:6            Lair (0/6) D:11
    Orc (0/2) D:10
 Vaults: D:13-14

Altars:
Ashenzari
Cheibriados
Dithmenos
Elyvilon
Fedhas
Gozag
Hepliaklqana
Kikubaaqudgha
Makhleb
Nemelex Xobeh
Okawaru
Qazlal
Ru
Sif Muna
Trog
Uskayaw
Vehumet
Wu Jian
Xom
Yredelemnul
Zin
The Shining One
Lugonu

Portals:
Abyss: D:9

Annotations:
D:11 Sonja


Innate Abilities, Weirdness & Mutations

You revert to your normal form in water.
You are very nimble and swift while swimming.
You are very stealthy in the water. (Stealth+)
Potions are less effective at restoring your health.
You are somewhat unskilled. (-1 Apt)


Message History

The 14-headed hydra closely misses you. The 14-headed hydra bites you!
* * * LOW HITPOINT WARNING * * *
Unknown command.
Unknown command.
Reach: k) +0 glaive (venom)
Press: ? - help, Dir - move target, f/p - 14-headed hydra
Aim: a 14-headed hydra (heavily wounded)
You hack one of the 14-headed hydra's heads off!
The 13-headed hydra grows two more!
You slash the 15-headed hydra!
The 15-headed hydra is heavily wounded.
Unknown command.
Unknown command.
Reach: k) +0 glaive (venom)
Press: ? - help, Dir - move target, f/p - 15-headed hydra
Aim: a 15-headed hydra (heavily wounded)
You slice one of the 15-headed hydra's heads off!
The 14-headed hydra grows two more!
You slice the 16-headed hydra!!
The 16-headed hydra is severely wounded.
The 16-headed hydra bites you!
You die...

#.......## ...# #.......#
#..# #.......# #..#
#.......# ##.# #.......#
#>#
#.......#############.####
####'####Z......?.........
#.# #D###########.#### #.#
#@# #.# #.# #.# #.#
#.####†# #.# #.....†# #.#
######## #.# .(


You could see a 16-headed hydra and a wyvern skeleton.

Vanquished Creatures
  A two-headed ogre (D:9)
  Urug (D:10)
  An unseen horror (D:10)
  A manticore (D:11)
  A cyclops (D:11)
  A centaur zombie (D:11)
  2 centaur skeletons (D:10)
  A troll (D:11)
  Grinder (D:6)
  4 yaks (D:10)
  3 wyverns
  A steam dragon (D:10)
  4 vampire mosquitoes (D:12)
  2 basilisks
  Menkaure (D:6)
  A hornet zombie (D:8)
  5 water moccasins
  2 orc warriors
  An ice beast (D:12)
  2 black bears
  A necrophage (D:9)
  2 phantoms
  An eye of draining (D:11)
  10 ogres
  2 wolves (D:11)
  4 centaurs
  2 big kobolds
  5 bullfrogs
  A gnoll sergeant (D:8)
  A wyvern skeleton (D:9)
  3 scorpions
  18 wights
  5 killer bees (D:10)
  6 howler monkeys
  A bullfrog zombie (D:7)
  2 hounds
  2 quasits (D:9)
  3 jellies
  2 gnoll shamans (D:3)
  8 orc wizards
  8 orc priests
  4 bullfrog skeletons
  4 iguanas
  7 worker ants
  A hound zombie (D:5)
  Robin (D:3)
  10 adders
  54 gnolls
  A shadow imp (D:6)
  2 white imps
  An ufetubus (D:8)
  2 oozes
  3 adder zombies
  2 worms
  6 leopard geckos
  34 orcs
  12 bats
  4 giant cockroaches
  14 goblins
  15 hobgoblins
  26 jackals
  11 kobolds
  4 quokkas
  3 ball pythons
  2 frilled lizards
  2 quokka skeletons
  9 rats
  2 lurking horrors (D:9)
359 creatures vanquished.

Vanquished Creatures (others)
  A sky beast (D:10)
  2 orcs (D:10)
  5 fungi (D:11)
  23 plants
31 creatures vanquished.

Grand Total: 390 creatures vanquished

Notes
Turn   | Place    | Note
-------+----------+-------------------------------------------
     0 | D:1      | lunkers the Merfolk Gladiator began the quest for the Orb.
     0 | D:1      | Reached XP level 1. HP: 16/16 MP: 1/1
   247 | D:1      | Reached XP level 2. HP: 23/23 MP: 2/2
   415 | D:1      | Reached skill level 5 in Polearms
  1053 | D:2      | Reached XP level 3. HP: 28/28 MP: 3/3
  1294 | D:2      | Found a faded altar of an unknown god.
  1408 | D:2      | Reached XP level 4. HP: 33/34 MP: 4/4
  1437 | D:2      | Reached skill level 6 in Polearms
  1526 | D:2      | Found a blossoming altar of Fedhas.
  2078 | D:3      | Noticed Robin
  2254 | D:3      | Reached skill level 5 in Dodging
  2344 | D:3      | Reached XP level 5. HP: 26/41 MP: 5/5
  2509 | D:3      | Reached skill level 7 in Polearms
  2543 | D:3      | Killed Robin
  2547 | D:3      | Reached XP level 6. HP: 48/48 MP: 6/6
  2664 | D:3      | Reached skill level 8 in Polearms
  2711 | D:3      | Reached XP level 7. HP: 49/55 MP: 7/7
  2784 | D:3      | HP: 2/55 [poisoned by a gnoll]
  3452 | D:3      | Reached skill level 9 in Polearms
  4025 | D:3      | Reached skill level 5 in Fighting
  4841 | D:4      | Reached skill level 10 in Polearms
  4841 | D:4      | Reached XP level 8. HP: 62/62 MP: 8/8
  5027 | D:5      | Entered Level 5 of the Dungeon
  5368 | D:5      | Found an ancient bone altar of Kikubaaqudgha.
  5656 | D:5      | Reached skill level 11 in Polearms
  5959 | D:6      | Noticed Grinder
  5963 | D:6      | Found a staircase to the Ecumenical Temple.
  5968 | D:6      | Paralysed by Grinder for 7 turns
  5976 | D:6      | Killed Grinder
  5977 | D:6      | Reached XP level 9. HP: 18/71 MP: 9/9
  5988 | Temple   | Entered the Ecumenical Temple
  6418 | Temple   | Became a worshipper of Ru the Awakened
  6578 | D:6      | Reached skill level 12 in Polearms
  7078 | D:6      | Noticed Menkaure
  7092 | D:6      | Killed Menkaure
  7517 | D:6      | Reached skill level 13 in Polearms
  7833 | D:7      | Gained mutation: You are somewhat unskilled. (-1 Apt) [Ru
                  | sacrifice]
  7833 | D:7      | Reduced skill Polearms to level 12
  7833 | D:7      | Reduced skill Throwing to level 1
  7833 | D:7      | Reached * piety under Ru
  8588 | D:7      | Found a shimmering altar of Xom.
  8881 | D:8      | Found a burning altar of Makhleb.
  9016 | D:8      | Reached XP level 10. HP: 69/79 MP: 10/10
  9068 | D:8      | Found a glowing golden altar of the Shining One.
  9116 | D:8      | Reached skill level 13 in Polearms
  9280 | D:8      | Found a bloodstained altar of Trog.
  9962 | D:9      | Found a one-way gate to the infinite horrors of the Abyss.
  9963 | D:9      | Found a corrupted altar of Lugonu.
 10545 | D:9      | Found an ornate altar of the Wu Jian Council.
 10553 | D:9      | Noticed a two-headed ogre
 10599 | D:9      | Killed a two-headed ogre
 10882 | D:10     | Entered Level 10 of the Dungeon
 10923 | D:10     | Found a staircase to the Orcish Mines.
 10936 | D:10     | Reached skill level 14 in Polearms
 10939 | D:10     | Reached skill level 10 in Dodging
 11251 | D:10     | Reached XP level 11. HP: 63/89 MP: 11/11
 11379 | D:10     | Noticed Urug
 11389 | D:10     | Paralysed by Urug for 6 turns
 11418 | D:10     | Killed Urug
 11618 | D:10     | Gained mutation: Potions are less effective at restoring
                  | your health. [Ru sacrifice]
 11618 | D:10     | Reached ** piety under Ru
 11897 | D:10     | Killed an unseen horror
 12138 | D:11     | Noticed a manticore
 12147 | D:11     | Noticed Sonja
 12150 | D:11     | Killed a manticore
 12321 | D:11     | Noticed a two-headed ogre
 12477 | D:11     | Reached skill level 10 in Fighting
 12556 | D:11     | Noticed a cyclops
 12581 | D:11     | Killed a cyclops
 13134 | D:11     | Found a staircase to the Lair.
 13137 | D:11     | You fall into a shaft and drop 2 floors!
 13720 | D:12     | Noticed an eight-headed hydra
 13752 | D:12     | Slain by a 16-headed hydra

Illustrated notes

Levels and vault maps discovered:
D:1:      giann_wishing_wells, layout_loops_ring
D:2:      layout_basic, lemuel_crystal_altar, chequers_ecumenical_altar_simple
D:3:      lemuel_castle_with_subvaults [lemuel_castle_interior_original],
          layout_basic, minmay_fractal_squares_5, uniq_robin
D:4:      layout_loops_cross, hangedman_feature_mirror,
          kennysheep_generic_room_8
D:5:      layout_basic, lemuel_crystal_altar
D:6:      layout_basic, minmay_temple_entry_stoned_glass, uniq_menkaure,
          uniq_grinder
D:7:      layout_basic, basic_altar
D:8:      layout_loops_ring, kennysheep_little_box, kennysheep_mini_moat,
          overflow_temple_1_default
D:9:      layout_loops_ring, nicolae_overflow_crystal_walls, serial_rivers,
          chequers_serial_rivers_small_3, chequers_serial_rivers_micro_b,
          chequers_serial_rivers_micro_d, chequers_serial_rivers_large_b,
          chequers_serial_rivers_small_3, amcnicky_altar_lugonu_corruption
D:10:     layout_loops_ring, david_orc_2, uniq_urug
D:11:     layout_cave_pools, minmay_lair_entry_grove, serial_shops,
          bzr_entry_dummy, uniq_sonja, uniq_fannar
D:12:     kennysheep_blocky_room, layout_basic, uniq_frances, uniq_erolcha
D:13:     layout_irregular_city, david_vaults_1, uniq_nessos
Temple:   regret_index_temple_sphere_string

Skill      XL: |  1  2  3  4  5  6  7  8  9 10 11 |
---------------+----------------------------------+-----
Polearms       | 5 6 7 8 10 11 12 14 | 14.2
Fighting       | 3 4 5 6 7 9 10 | 10.8
Dodging        | 5 6 7 8 9 10 12 | 12.9
Throwing       | 1 |  1.7

Action                   |  1- 3 |  4- 6 |  7- 9 | 10-12 || total
-------------------------+-------+-------+-------+-------++-------
Melee: Trident           |    77 |   142 |       |       ||   219
       Tailslap          |       |    10 |       |       ||    10
       Halberd           |       |    90 |   491 |   425 ||  1006
       Glaive            |       |       |       |    50 ||    50
Invok: Sacrifice Skill   |       |       |     1 |       ||     1
       Sacrifice Purity  |       |       |       |     1 ||     1
Evoke: Wand              |       |       |       |     5 ||     5
  Use: Scroll            |       |       |     6 |    15 ||    21
       Potion            |       |       |     2 |     3 ||     5
 Stab: Sleeping          |     2 |     1 |       |       ||     3
       Distracted        |       |       |       |     1 ||     1
Armor: Leather armour    |     7 |       |       |       ||     7
       Ring mail         |     6 |    46 |   117 |   184 ||   353
Dodge: Dodged            |    34 |   141 |   249 |   403 ||   827

Table legend: (Time is in decaauts)
 A = Elapsed time spent in this place.
 B = Non-inter-level travel time spent in this place.
 C = Inter-level travel time spent in this place.
 D = Time resting spent in this place.
 E = Time spent auto-exploring this place.
 F = Levels seen in this place.
 G = Mean time per level.
                   A        B        C        D        E       F      G
               +--------+--------+--------+--------+--------+-----+--------+
         Total |  13493 |  13024 |    469 |   1176 |   9217 |  14 |  963.8 |
       Dungeon |  13048 |  12579 |    469 |   1176 |   8827 |  13 | 1003.7 |
        Temple |    445 |    445 |      0 |      0 |    390 |   1 |  445.0 |
               +--------+--------+--------+--------+--------+-----+--------+

Top non-repeatable levels by time:
     D:3: 2377 daAuts
    D:10: 1914 daAuts
     D:9: 1230 daAuts
     D:6: 1148 daAuts
     D:7: 1108 daAuts
     D:5: 1026 daAuts
     D:2: 996 daAuts
     D:1: 894 daAuts
     D:4: 730 daAuts
     D:8: 714 daAuts
    D:12: 567 daAuts
  Temple: 445 daAuts
    D:11: 299 daAuts
    D:13: 38 daAuts
